 Dungeon Crawl Stone Soup version 0.29.1 (webtiles) character file.

Game seed: 662653239116821669

385 qw the Cleaver (level 6, -3/52 HPs)
             Began as a Minotaur Berserker on Sept 13, 2022.
             Was a Believer of Trog.
             Slain by a gnoll
             ... wielding a +0 flail
              (10 damage)
             ... on level 4 of the Dungeon.
             The game lasted 00:00:58 (2827 turns).

qw the Cleaver (Minotaur Berserker)                 Turns: 2827, Time: 00:00:59

Health: -3/52      AC: 14    Str: 24    XL:     6   Next: 48%
Magic:  5/5        EV:  7    Int:  4    God:    Trog [**....]
Gold:   119        SH:  0    Dex:  9    Spells: 5/5 levels left

rFire   . . .      SeeInvis .   Y - +1 hand axe
rCold   . . .      Faith    .   (no shield)
rNeg    . . .      Spirit   .   l - +0 plate armour
rPois   .          Reflect  .   j - +2 hood of the Assassin {Detection Stab+ Stlth++}
rElec   .          Harm     .   (no cloak)
rCorr   .          Rampage  .   e - +0 pair of gloves
Will    .....                   (no boots)
Stlth   ..........              n - amulet of the acrobat
HPRegen 0.17/turn               (no ring)
MPRegen 0.09/turn               (no ring)

@: brilliant, about to teleport, on berserk cooldown, slowed, very slow
A: horns 2, retaliatory headbutt
a: Renounce Religion, Berserk, Trog's Hand


You were on level 4 of the Dungeon.
You worshipped Trog.
Trog was pleased with you.
You visited 1 branch of the dungeon, and saw 5 of its levels.

You collected 119 gold pieces.


Innate Abilities, Weirdness & Mutations

You have a pair of horns on your head.
You reflexively headbutt those who attack you in melee.


   Skills:
 - Level 4.1 Fighting
 - Level 8.6 Axes
 + Level 2.8 Armour
 - Level 2.1 Dodging


You had 5 spell levels left.
You didn't know any spells.
Your spell library was empty.

Inventory:

Hand Weapons
 i - a +0 flail
 Y - a +1 hand axe (weapon)
Missiles
 c - 4 boomerangs (quivered)
Armour
 e - a +0 pair of gloves (worn)
 j - the +2 hood of the Assassin (worn) {Detection Stab+ Stlth++}
   (You found it on level 3 of the Dungeon)

   It allows the wearer to sense nearby creatures.
   It allows the wearer to make particularly effective stabbing attacks against
   helpless or unaware enemies with any weapon.
   Stlth:     It makes you much more stealthy.
 l - a +0 plate armour (worn)
Jewellery
 n - an amulet of the acrobat (around neck)
Scrolls
 g - 3 scrolls of identify
 k - 2 scrolls of teleportation
Potions
 a - 2 potions of curing
 b - a potion of cancellation
 f - 2 potions of heal wounds

Dungeon Overview and Level Annotations

Branches:
Dungeon (5/15)
 Temple: D:4-7

Altars:
Elyvilon
Qazlal
The Shining One

Shops:
D:1 :   D:2 [

Annotations:
D:5 3 runed translucent doors, qw's ghost, novice MiBe


Message History

The hound bites you. The hound bites you but does no damage.
The gnoll hits you but does no damage.
You closely miss the hound. Your headbutt misses the hound.
The hound is heavily wounded.
You barely miss the gnoll.
The hound bites you but does no damage. x2; The gnoll hits you with a +0 flail!
You barely miss the hound. You headbutt the hound.
The hound is severely wounded.
You hit the gnoll but do no damage. The hound bites you but does no damage.
The gnoll hits you with a +0 flail. The hound bites you but does no damage.
A ball python comes into view.
The gnoll hits you with a +0 flail.
You barely miss the hound.
The ball python hisses angrily.
Your headbutt misses the hound.
The hound is severely wounded.
You hit the gnoll but do no damage.
The hound bites you but does no damage. x2
The gnoll hits you but does no damage.
You closely miss the hound.
The hound is severely wounded.
You hit the gnoll. The hound bites you but does no damage.
The gnoll closely misses you. You furiously retaliate!
You headbutt the gnoll! The hound closely misses you.
You barely miss the hound. Your headbutt misses the hound.
The hound is severely wounded.
You hit the gnoll. The hound bites you but does no damage.
The gnoll barely misses you. The hound barely misses you.
The gnoll hits you but does no damage.
You closely miss the hound. Your headbutt misses the hound.
The hound is severely wounded.
You hit the gnoll.
The hound bites you. x2; The gnoll hits you but does no damage.
2827 ||| READING 3 scrolls of teleportation.
As you read the scroll of teleportation, it crumbles to dust.
You feel strangely unstable. The hound bites you. The hound barely misses you.
The gnoll hits you with a +0 flail!
You die...

#.. .. #.#######
##.....
#.......##.#....
#.........#..... #
##>......#...#....#
###......#...#(..#..#
#......#..)#...#...#
#.#..#...#.=.#...#
#..#...#...#.@g#
#....#...#...#hJ.#
#..#...#...#.{.#...#
#....#...#...#.. #...
#..#...#...#...#. #.
....#...#...#...#
.#...#...#...#.. .
..# ..#...#.


You could see a hound, a jelly and a gnoll.

Vanquished Creatures
  A centaur (D:5)
  A scorpion (D:5)
  2 hounds (D:5)
  2 orc wizards (D:5)
  An iguana (D:5)
  5 gnolls
  A worm (D:2)
  2 dart slugs
  2 orcs (D:5)
  An endoplasm (D:3)
  2 giant cockroaches
  7 goblins
  3 hobgoblins
  6 jackals
  6 kobolds
  A quokka (D:1)
  5 ball pythons
  4 bats
  9 frilled lizards
  3 rats
64 creatures vanquished.

Vanquished Creatures (others)
  8 plants (D:3)
8 creatures vanquished.

Grand Total: 72 creatures vanquished

Notes
Turn   | Place    | Note
-------+----------+-------------------------------------------
     0 | D:1      | qw the Minotaur Berserker began the quest for the Orb.
     0 | D:1      | Reached XP level 1. HP: 19/19 MP: 0/0
     0 | D:1      | 0 ||| qw: Version: 0.1-a-119-g272c26d
     0 | D:1      | 0 ||| qw: Game counter: 11281
     0 | D:1      | 0 ||| qw: Always use a shield: true
     0 | D:1      | 0 ||| qw: Do Orc after D:15 true
     0 | D:1      | 0 ||| qw: Do second Lair branch before Depths: true
     0 | D:1      | 0 ||| qw: Lair rune preference: random
     0 | D:1      | 0 ||| qw: Plans: Normal
     0 | D:1      | 0 ||| PLANNING D:1-11
    55 | D:1      | Found Keyteo's Book Boutique.
    62 | D:1      | Reached skill level 4 in Axes
    92 | D:1      | 92 ||| Stepping ~*~*~tactically~*~*~ (stealth).
    93 | D:1      | 93 ||| Stepping ~*~*~tactically~*~*~ (stealth).
    95 | D:1      | 95 ||| Stepping ~*~*~tactically~*~*~ (stealth).
    97 | D:1      | Reached XP level 2. HP: 26/26 MP: 1/1
    98 | D:1      | 98 ||| Stepping ~*~*~tactically~*~*~ (stealth).
   100 | D:1      | 100 ||| Stepping ~*~*~tactically~*~*~ (stealth).
   134 | D:1      | 134 ||| Stepping ~*~*~tactically~*~*~ (stealth).
   198 | D:1      | 198 ||| Stepping ~*~*~tactically~*~*~ (hiding).
   737 | D:1      | 737 ||| UPGRADING to +0 ring mail.
   747 | D:1      | 747 ||| DROPPING +0 animal skin.
   748 | D:1      | 748 ||| READING scroll labelled TESASO PIAZ.
   749 | D:1      | 749 ||| READING 5 scrolls labelled GUONLE DOZICWU.
   750 | D:1      | 750 ||| READING 2 scrolls labelled ITOFYEC MILYM.
   751 | D:1      | 751 ||| READING scroll labelled URUR PIOSUFFE.
   756 | D:1      | 756 ||| READING scroll labelled PULILU KIURIPHIPT.
   757 | D:1      | 757 ||| READING scroll labelled QAGHUPPAPE.
   758 | D:1      | 758 ||| READING 4 scrolls of identify.
   758 | D:1      | 758 ||| IDENTIFYING fuming emerald potion
   759 | D:1      | 759 ||| DROPPING scroll of amnesia.
   893 | D:2      | Found a glowing golden altar of the Shining One.
  1010 | D:2      | Reached skill level 5 in Axes
  1024 | D:2      | 1024 ||| FLEEEEING.
  1026 | D:2      | 1026 ||| FLEEEEING.
  1027 | D:2      | 1027 ||| FLEEEEING.
  1028 | D:2      | 1028 ||| FLEEEEING.
  1029 | D:2      | 1029 ||| FLEEEEING.
  1030 | D:2      | 1030 ||| FLEEEEING.
  1031 | D:2      | 1031 ||| FLEEEEING.
  1034 | D:2      | 1034 ||| STAIRDANCE
  1065 | D:1      | 1065 ||| READING scroll labelled KAOQUS NI JIZU.
  1066 | D:1      | 1066 ||| READING 3 scrolls of identify.
  1066 | D:1      | 1066 ||| IDENTIFYING metallic inky potion
  1071 | D:2      | 1071 ||| INVOKING Berserk.
  1073 | D:2      | Reached XP level 3. HP: 31/31 MP: 2/2
  1399 | D:2      | 1399 ||| Stepping ~*~*~tactically~*~*~ (stealth).
  1402 | D:2      | 1402 ||| Stepping ~*~*~tactically~*~*~ (stealth).
  1403 | D:2      | 1403 ||| Stepping ~*~*~tactically~*~*~ (stealth).
  1440 | D:2      | Found Zugguzik's Antique Armour Boutique.
  1443 | D:2      | 1443 ||| SHOPLISTING chain mail (85 gold, have 52).
  1443 | D:2      | 1443 ||| SHOPLISTING pair of boots (85 gold, have 52).
  1443 | D:2      | 1443 ||| SHOPLISTING runed plate armour (494 gold, have
                  | 52).
  1443 | D:2      | 1443 ||| SHOPLISTING runed ring mail (133 gold, have 52).
  1443 | D:2      | 1443 ||| SHOPLISTING shiny orb (228 gold, have 52).
  1443 | D:2      | 1443 ||| SHOPLISTING shiny plate armour (494 gold, have
                  | 52).
  1487 | D:2      | 1487 ||| DROPPING +0 club.
  1590 | D:2      | 1590 ||| UPGRADING to +0 pair of gloves.
  1595 | D:2      | 1595 ||| READING 3 scrolls of identify.
  1595 | D:2      | 1595 ||| IDENTIFYING blue potion
  1613 | D:3      | Found a faded altar of an unknown god.
  1623 | D:3      | Reached ** piety under Trog
  1636 | D:3      | Found the +2 hood of the Assassin {Detection Stab+ Stlth++}
  1692 | D:3      | 1692 ||| Stepping ~*~*~tactically~*~*~ (hiding).
  1694 | D:3      | 1694 ||| Stepping ~*~*~tactically~*~*~ (hiding).
  1698 | D:3      | 1698 ||| INVOKING Berserk.
  1706 | D:3      | Reached skill level 6 in Axes
  1706 | D:3      | Reached XP level 4. HP: 39/39 MP: 3/3
  1824 | D:3      | 1824 ||| Stepping ~*~*~tactically~*~*~ (stealth).
  1865 | D:3      | 1865 ||| Stepping ~*~*~tactically~*~*~ (stealth).
  1866 | D:3      | 1866 ||| Stepping ~*~*~tactically~*~*~ (stealth).
  1981 | D:3      | Found a white marble altar of Elyvilon.
  1982 | D:3      | Found a stormy altar of Qazlal.
  2127 | D:3      | You fall into a shaft and drop 2 floors!
  2127 | D:5      | Entered Level 5 of the Dungeon
  2136 | D:5      | Found a runed translucent gate.
  2136 | D:5      | Noticed qw's ghost (novice MiBe)
  2136 | D:5      | Noticed an ogre
  2138 | D:5      | Found a runed translucent gate.
  2139 | D:5      | Found a runed translucent gate.
  2197 | D:5      | 2197 ||| Stepping ~*~*~tactically~*~*~ (hiding).
  2212 | D:5      | Reached skill level 7 in Axes
  2212 | D:5      | Reached XP level 5. HP: 25/45 MP: 4/4
  2412 | D:5      | 2412 ||| Stepping ~*~*~tactically~*~*~ (hiding).
  2414 | D:5      | 2414 ||| INVOKING Berserk.
  2559 | D:5      | Noticed a centaur
  2560 | D:5      | 2560 ||| Stepping ~*~*~tactically~*~*~ (hiding).
  2568 | D:5      | Killed a centaur
  2569 | D:5      | Reached skill level 8 in Axes
  2569 | D:5      | Reached XP level 6. HP: 31/52 MP: 5/5
  2764 | D:5      | 2764 ||| UPGRADING to +2 hood of the Assassin {Detection
                  | Stab+ Stlth++}.
  2769 | D:5      | 2769 ||| UPGRADING to +0 plate armour.
  2779 | D:5      | 2779 ||| DROPPING +0 ring mail.
  2780 | D:5      | 2780 ||| UPGRADING to amulet of the acrobat.
  2785 | D:5      | 2785 ||| READING scroll labelled KEBOAZ SOGGI.
  2786 | D:5      | 2786 ||| DRINKING 2 gluggy blue potions.
  2787 | D:5      | 2787 ||| READING 4 scrolls of identify.
  2787 | D:5      | 2787 ||| IDENTIFYING glowing puce potion
  2788 | D:5      | 2788 ||| DROPPING potion of magic.
  2789 | D:5      | 2789 ||| DROPPING potion of brilliance.
  2802 | D:4      | 2802 ||| Stepping ~*~*~tactically~*~*~ (hiding).
  2806 | D:4      | 2806 ||| INVOKING Berserk.
  2826 | D:4      | HP: 13/52 [hound (4)]
  2827 | D:4      | 2827 ||| READING 3 scrolls of teleportation.
  2827 | D:4      | Slain by a gnoll

Levels and vault maps discovered:
D:1:      dpeg_arrival_arbitrary_b, layout_basic, serial_shops, shop
D:2:      layout_basic, serial_shops, nicolae_shop_behind_doors, basic_altar,
          kennysheep_minor_cross, kennysheep_generic_room_3
D:3:      layout_basic, gammafunk_temple_overflow_statue,
          basic_ecumenical_altar, minmay_lizard_king
D:4:      layout_basic, lemuel_tele_altar, minmay_temple_entry_statues,
          serial_shops, shop_statue, hex_large
D:5:      layout_basic, gammafunk_ghost_split

Skill      XL: |  1  2  3  4  5 |
---------------+----------------+-----
Axes           | 4 5 6 7 8 |  8.6
Fighting       | 4 |  4.1
Armour         | |  2.8
Dodging        | |  2.1

Action                   |  1- 3 |  4- 6 || total
-------------------------+-------+-------++-------
Melee: Hand axe          |    64 |    83 ||   147
       Headbutt          |     7 |    13 ||    20
       Punch             |     1 |       ||     1
Throw: Boomerang         |    38 |    30 ||    68
Invok: Berserk           |     2 |     2 ||     4
  Use: Scroll            |    10 |     3 ||    13
       Potion            |       |     1 ||     1
Armor: Animal skin       |     2 |       ||     2
       Ring mail         |    10 |    29 ||    39
       Plate armour      |       |    16 ||    16
Dodge: Dodged            |    41 |    36 ||    77

Table legend:
 A = Non-vault XP
 B = Vault XP
 C = Vault XP percentage of total XP
 D = Non-vault monster count
 E = Vault monster count
 F = Vault count percentage of total count
                 A         B        C        D         E       F
            +---------+---------+-------+---------+---------+-------
      Total |     539 |      11 |   2.0 |      54 |      10 |  15.6
            +---------+---------+-------+---------+---------+-------
        D:1 |      27 |       0 |   0.0 |      16 |       0 |   0.0
        D:2 |      24 |       3 |  11.1 |      12 |       2 |  14.3
        D:3 |      64 |       8 |  11.1 |      13 |       8 |  38.1
        D:4 |      28 |       0 |   0.0 |       2 |       0 |   0.0
        D:5 |     396 |       0 |   0.0 |      11 |       0 |   0.0
            +---------+---------+-------+---------+---------+-------
